Description

This is a mech terran build order. The build is based on a tankes + mines playstyle (switch to cyclone + mines in case of skytoss).

VOD

https://youtu.be/VIIP5nD0qvY

Replay - BeAsT v Exited - Zen LE

Build Order

Get SALT Encoding   

  12  0:00  SCV  
  13  0:13  SCV  
  14  0:17  Supply Depot  
  14  0:25  SCV  
  15  0:39  SCV  
  15  0:40  Barracks  
  16  0:44  Refinery  
  16  0:51  SCV  
  17  1:03  SCV  
  18  1:15  SCV  
  19  1:27  Reaper  
  19  1:28  Orbital Command  
  20  1:43  Command Center  
  20  1:55  SCV  
  20  1:57  Supply Depot  
  20  1:59  Barracks Reactor  
  21  2:09  SCV  
  21  2:11  Refinery  
  22  2:22  SCV  
  23  2:24  Factory  
  23  2:25  Bunker  
  23  2:35  Marine x2  
  26  2:53  Marine x2  
  26  2:57  Orbital Command  
  29  3:07  Factory Tech Lab  
  30  3:14  Marine x2  
  30  3:15  Starport  
  33  3:30  Cyclone  
  36  3:36  Liberator  
  36  3:38  Marine x2  
  40  3:47  Supply Depot  
  46  4:09  Marine x2, Cyclone  
  54  4:34  Command Center  
  55  4:41  Factory  
  56  4:49  Supply Depot x2  
  56  4:52  Starport Tech Lab  
  56  5:02  Factory  
  58  5:10  Refinery x2  
  55  5:29  Factory  
  57  5:37  Barracks Tech Lab  
  57  5:39  Engineering Bay  
  57  5:41  Widow Mine x2  
  61  5:43  Siege Tank  
  61  5:47  Orbital Command  
  66  6:01  Armory  
  66  6:03  Siege Tank  
  70  6:14  Widow Mine x2  
  70  6:15  Factory Reactor  
  74  6:20  Missile Turret x2  
  74  6:25  Orbital Command  
  74  6:28  Siege Tank  
  77  6:37  Bunker  
  77  6:39  Widow Mine x2  
  81  6:43  Siege Tank  
  82  6:51  Terran Vehicle Weapons Level 1  
  84  6:56  Widow Mine x2  
  88  7:06  Widow Mine x2  
  95  7:09  Drilling Claws  
  95  7:11  Missile Turret  
  100  7:33  Refinery x2, Factory x2  
  104  7:49  Missile Turret x3  
  108  7:57  Siege Tank  
  112  8:02  Hellion  
  117  8:08  Siege Tank  
  120  8:18  Factory Tech Lab x2  
  124  8:24  Hellion x2  
  128  8:29  Missile Turret  
  128  8:38  Command Center  
  130  8:44  Siege Tank  
  139  9:05  Siege Tank  
  148  9:23  Siege Tank x2  
  104  9:47  Infernal Pre-Igniter  
  104  9:48  Terran Vehicle Weapons Level 2  
Spawning Tool Build Advisor. Get it on Overwolf

Go to:

Details

  • Created by: zuka      
  • Published on: Mar 09, 2020
  • Modified on: Mar 09, 2020
  • Patch: 4.11.0
Show
View Real Time Build Order
Export as new Build Order

Comments (0)

There are no comments. Be the first!

Create an account to comment!